 Dungeon Crawl Stone Soup version 0.31-a0-620-gd1cbd99268 (webtiles) character file.

Game seed: 18352962666200153058

5 DavidChitty2 the Changeling (level 1, 0/13 HPs)
             Began as an Octopode Shapeshifter on Aug 23, 2023.
             Slain by a jackal (1 damage)
             ... on level 1 of the Dungeon.
             The game lasted 00:01:15 (166 turns).

DavidChitty2 the Changeling (Octopode Shapeshifter)  Turns: 166, Time: 00:01:16

Health: 0/13       AC:  1    Str: 14    XL:     1   Next: 80%
Magic:  1/1        EV: 13    Int: 10    God:
Gold:   9          SH:  0    Dex: 12    Spells: 0/0 levels left

rFire   . .          .
                       - Unarmed
rCold   . . .        (no shield)
rNeg    . . .        (helmet currently unavailable)
rPois   .            (no amulet)
rElec   .            (no ring)
rCorr   .            (no ring)
SInv    .            (no ring)
Will    .....        (no ring)
Stlth   ++           (no ring)
HPRegen 0.22/turn    (no ring)
MPRegen 0.07/turn    (no ring)
                     (no ring)

%: no passive effects
@: beast-form
A: beast (slay +1), almost no armour, amphibious, 8 rings, camouflage 1,
gelatinous body 1, (nimble swimmer 1), tentacles
a: Begin Untransformation


You were on level 1 of the Dungeon.
You were a hulking beast.
You visited 1 branch of the dungeon, and saw 1 of its levels.

You collected 9 gold pieces.

Inventory:

Talismans
 b - a beast talisman (active)
 c - a flux talisman
Scrolls
 d - a scroll of identify {unknown}
 e - a scroll of immolation {unknown}
Potions
 a - 2 potions of lignification {!q}


   Skills:
 - Level 1.0 Fighting
 + Level 2.1 Dodging
 + Level 3.0 Unarmed Combat
 * Level 3.1 Shapeshifting


You couldn't memorise any spells.
You didn't know any spells.
Your spell library was empty.

Dungeon Overview and Level Annotations

Branches:
Dungeon (1/15)

Altars:


Innate Abilities, Weirdness & Mutations

You are a hulking beast.
Your limbs bulge with bestial killing power. (Slay +1)
You cannot wear most types of armour.
You are amphibious.
You can wear up to eight rings at the same time.
Your skin changes colour to match your surroundings (Stealth+).
Your rubbery body absorbs attacks. (AC +1, EV +1)
((You are camouflaged when in or above water. (Stealth+)))
You have tentacles for arms and can constrict up to eight enemies at once.


Message History

There is an open door here.
A rat comes into view.
A rat is nearby!
A rat is nearby!
You bludgeon the rat!
You kill the rat!
No target in view!
No target in view!
No target in view!
No target in view!
No target in view!
No target in view!
Found a scroll labelled ASESAWKULAL.
A kobold comes into view. It is wielding a +0 dagger.
A kobold is nearby!
The kobold shouts!
You hear a shout!
The kobold throws a stone.
The stone hits you.
A hobgoblin and a jackal come into view.
Found a stone.
The jackal barks!
You hear a bark!
A jackal comes into view.
A bat comes into view.
The bat moves out of view.
Found a scroll labelled POISICZENOUX.
An endoplasm comes into view.
The kobold throws a stone.
The stone hits you but does no damage.
You tentacle-slap the kobold. Your grab misses the kobold.
The jackal barely misses you.
A kobold comes into view. It is wielding a +0 dagger.
The kobold hits you with a +0 dagger. The jackal closely misses you. x2
You tentacle-slap the kobold.
You kill the kobold!
The jackal bites you. The hobgoblin barely misses you. The jackal bites you.
You tentacle-slap the hobgoblin. Your grab misses the hobgoblin.
The bat hits you. The jackal barely misses you.
The jackal bites you but does no damage.
The hobgoblin hits you.
* * * LOW HITPOINT WARNING * * *
The jackal completely misses you. The bat closely misses you.
The jackal misses you. The jackal attacks as it pursues you!
The jackal barely misses you. The hobgoblin closely misses you.
The jackal bites you.
* * * LOW HITPOINT WARNING * * *
The jackal attacks as it pursues you! The jackal bites you.
* * * LOW HITPOINT WARNING * * *
You see here a stone.
You closely miss the jackal. Your grab misses the jackal. The jackal bites you.
* * * LOW HITPOINT WARNING * * *
You barely miss the jackal. Your grab misses the jackal. The jackal bites you.
You die...

.................
#...................
#...................
#...................
#...................
#............#.....# ..
#..######...######. #.
#....##..#.###.... #..
#h##.....#........ ##?..
#h##......##......
.....###h#..###...#......
.......Jbg..# #.#........
......KK....# #..........
......).....# ..###......
................# ##.....
................# #......
.............##...#......


You could see an endoplasm, 2 jackals, a hobgoblin, a bat and a kobold.

Vanquished Creatures
  A bat (D:1)
  A hobgoblin (D:1)
  2 kobolds (D:1)
  2 rats (D:1)
6 creatures vanquished.

Notes
Turn   | Place    | Note
-------+----------+-------------------------------------------
     0 | D:1      | DavidChitty2 the Octopode Shapeshifter began the quest for
                  | the Orb.
     0 | D:1      | Reached XP level 1. HP: 13/13 MP: 1/1
   166 | D:1      | Slain by a jackal

Illustrated notes

Levels and vault maps discovered:
D:1:      dpeg_arrival_round_a, layout_rooms

Action                     || total
---------------------------++-------
  Melee: Unarmed           ||    11
         Tentacles         ||     2
         Constrict         ||     1
   Stab: Sleeping          ||     2
 Armour: Skin              ||     3
  Dodge: Dodged            ||    12
         Form:             ||     1
         Beast             ||     1

Table legend: (Time is in decaauts)
 A = Elapsed time spent in this place.
 B = Non-inter-level travel time spent in this place.
 C = Inter-level travel time spent in this place.
 D = Time resting spent in this place.
 E = Time spent auto-exploring this place.
 F = Levels seen in this place.
 G = Mean time per level.
                   A        B        C        D        E       F      G
               +--------+--------+--------+--------+--------+-----+--------+
         Total |    165 |    165 |      0 |      0 |    107 |   1 |  165.0 |
       Dungeon |    165 |    165 |      0 |      0 |    107 |   1 |  165.0 |
               +--------+--------+--------+--------+--------+-----+--------+

Top non-repeatable levels by time:
     D:1: 165 daAuts
